AoeStats
← Bums the Boy

Arena

509660119Analyzed
3v3 RM · 6d ago on Sep 27, 2026· 57m 54s· 6 players
Game mode
Random Map
Map size
Normal (6 player)
Population
200
Speed
Normal
Resources
Standard
Victory
Conquest
Starting age
Dark Age
Ending age
Imperial Age
RankedLock teamsTeams togetherTeam positionsShared explorationLock speedFull tech treeHidden civsTurbo modeCheats
Victory
Defeat
🇨🇭 Cumans · Switzerland
1219
+12
🇩🇪 Bohemians · Germany
1011
+21
🇩🇪 Ethiopians · Germany
933
+23
🇲🇽 Cumans · Mexico
1156
-20
🇲🇽 Mongols · Mexico
1106
-18
🇭🇰 Celts · Hong Kong SAR China
1088
-44
victor_gt784
5:20 Loom
10:31 Feudal Age
15:46 Castle Age
17:57 Double-Bit Axe
17:55 Horse Collar
20:39 Forging
31:53 Imperial Age
30:43 Fletching
31:34 Bow Saw
31:26 Heavy Plow
31:27 Gold Mining
33:41 Elite Skirmisher
35:08 Bloodlines
34:21 Light Cavalry
35:31 Hussar
35:56 Capped Ram
37:08 Bodkin Arrow
37:38 Ballistics
42:38 Chemistry
50:20 Husbandry
Rata Preñadora
8:46 Feudal Age
8:41 Loom
9:18 Horse Collar
9:25 Double-Bit Axe
10:29 Wheelbarrow
21:10 Castle Age
20:02 Bloodlines
20:33 Scale Barding Armor
20:59 Forging
21:49 Light Cavalry
23:40 Chain Barding Armor
26:53 Iron Casting
31:15 Hand Cart
34:36 Imperial Age
34:28 Capped Ram
35:50 Bow Saw
35:44 Heavy Plow
35:45 Siege Ram
38:47 Hussar
40:48 Two-Man Saw
40:26 Cavalier
44:20 Steppe Husbandry
45:09 Plate Barding Armor
47:59 Crop Rotation
52:17 Blast Furnace
jim星火燎原滿招損謙受
10:17 Feudal Age
11:19 Loom
14:15 Castle Age
12:39 Loom
13:23 Double-Bit Axe
18:38 Pikeman
33:49 Horse Collar
34:24 Bow Saw
36:28 Wheelbarrow
43:48 Imperial Age
42:44 Hand Cart
42:27 Gold Mining
43:55 Forging
44:24 Heavy Scorpion
45:00 Halberdier
47:04 Furor Celtica
48:57 Heavy Plow
48:53 Stone Mining
49:30 Murder Holes
49:48 Stronghold
50:41 Fortified Wall
51:43 Fletching
Steve the Thief
4:33 Loom
10:55 Feudal Age
11:22 Double-Bit Axe
11:22 Horse Collar
16:44 Castle Age
18:25 Pikeman
19:45 Fervor
20:19 Bow Saw
25:19 Scale Mail Armor
25:30 Forging
26:04 Heavy Plow
28:44 Chain Mail Armor
28:53 Squires
33:26 Fortified Wall
37:07 Chemistry
38:21 Wheelbarrow
41:08 Imperial Age
39:18 Fletching
40:58 Bodkin Arrow
41:39 Iron Casting
41:40 Masonry
42:02 Hand Cart
41:33 Town Watch
42:16 Conscription
42:50 Plate Mail Armor
44:32 Arson
45:14 Siege Engineers
45:25 Town Patrol
46:21 Halberdier
47:17 Padded Archer Armor
48:18 Blast Furnace
47:18 Bracer
50:14 Wagenburg Tactics
50:59 Houfnice
53:31 Leather Archer Armor
56:19 Architecture
56:10 Ballistics
56:15 Bombard Tower
57:24 Elite Skirmisher
Frank the Flank
3:49 Loom
10:01 Feudal Age
11:42 Double-Bit Axe
12:24 Horse Collar
20:48 Castle Age
19:29 Wheelbarrow
20:19 Scale Barding Armor
20:26 Forging
20:45 Bloodlines
22:13 Chain Barding Armor
23:45 Iron Casting
31:51 Bow Saw
35:10 Heavy Plow
40:13 Imperial Age
38:02 Hand Cart
38:21 Fletching
40:22 Cavalier
41:38 Plate Barding Armor
42:05 Bodkin Arrow
42:33 Paladin
48:38 Blast Furnace
48:21 Caravan
Bums the Boy
11:14 Feudal Age
12:06 Double-Bit Axe
12:05 Horse Collar
19:21 Castle Age
18:55 Gold Mining
22:38 Loom
25:58 Imperial Age
23:54 Bow Saw
25:10 Squires
25:20 Scale Barding Armor
25:18 Scale Mail Armor
25:32 Forging
27:45 Wheelbarrow
28:13 Town Watch
28:33 Crossbowman
30:42 Heavy Plow
31:35 Thumb Ring
30:52 Arbalester
32:12 Elite Skirmisher
35:03 Conscription
35:36 Fletching
35:47 Padded Archer Armor
38:11 Bodkin Arrow
38:32 Leather Archer Armor
38:33 Chain Mail Armor
38:54 Iron Casting
39:23 Bracer
39:42 Chain Mail Armor
40:03 Iron Casting
45:21 Ring Archer Armor
45:22 Plate Mail Armor
48:53 Hand Cart
51:33 Blast Furnace
49:57 Halberdier
51:03 Ballistics
50:56 Masonry
50:53 Siege Engineers
Connection lost

Rejoining the realm…

Still unreachable

The connection could not be restored.

Session expired

The server has moved on; the page needs a fresh start.